 Dungeon Crawl Stone Soup version 0.31-a0-210-gccc998df9b (webtiles) character file.

Game seed: 17916104927964052852

45380 qw the Cleaver (level 14, -12/90 HPs)
             Began as a Gargoyle Fighter on June 30, 2023.
             Was a High Priest of Okawaru.
             Mangled by a cyan very ugly thing (13 damage)
             ... on level 2 of the Abyss.
             The game lasted 00:10:53 (17945 turns).

qw the Cleaver (Gargoyle Fighter)                  Turns: 17945, Time: 00:10:53

Health: -12/90     AC: 31    Str: 30    XL:     14   Next: 32%
Magic:  20/21      EV:  9    Int:  8    God:    Okawaru [*****.]
Gold:   1433       SH: 11    Dex:  7    Spells: 13/13 levels left

rFire   . . .        s - +1 war axe (vamp)
rCold   + + .        q - +0 kite shield
rNeg    + + .        g - +1 plate armour of Dizxohix {rN+ Dex-2 Slay+2 SInv}
rPois   inf          (no helmet)
rElec   +            j - scarf "Aleer" {repulsion, +Blink rPois rC+ Int-2}
rCorr   .            x - +0 pair of gloves
SInv    +            e - +0 pair of boots
Will    ++...        (no amulet) Stlth
                     i - +6 ring of strength
HPRegen 0.35/turn    k - ring of protection from cold
MPRegen 0.17/turn

%: repel missiles
@: about to teleport, heroic, flying
A: sickness immunity, AC +10, big wings, negative energy resistance 1,
electricity resistance, torment resistance 1, petrification resistance,
strong-willed 1, mutation resistance 1
a: Renounce Religion, Evoke Blink, Heroism, Finesse, Duel


You were on level 2 of the Abyss.
You worshipped Okawaru.
Okawaru was extremely pleased with you.
You visited 3 branches of the dungeon, and saw 19 of its levels.
You visited the Abyss 2 times.

You collected 1678 gold pieces.
You spent 245 gold pieces at shops.


Innate Abilities, Weirdness & Mutations

You are immune to sickness and miasma.
Your stone body is resilient. (AC +10)
You are immune to poison.
Your large and strong wings let you fly.
You resist negative energy. (rN+)
You are resistant to electric shocks. (rElec)
You are resistant to unholy torment.
You are immune to petrification.
You are strong-willed. (Will+)
You are somewhat resistant to further mutation.


   Skills:
 - Level 11.0(16.0) Fighting
 - Level 14.9(19.9) Axes
 - Level 6.0(11.0) Throwing
 - Level 10.0(15.0) Armour
 - Level 2.0(7.0) Dodging
 + Level 8.9(13.9) Shields
 - Level 10.0 Invocations


You had 13 spell levels left.
You didn't know any spells.
Your spell library was empty.

Inventory:

Hand Weapons
 f - a +0 morningstar
 s - a +1 vampiric war axe (weapon)
 u - a +0 war axe of freezing
Missiles
 t - 10 boomerangs (quivered)
Armour
 e - a +0 pair of boots (worn)
 g - the +1 plate armour of Dizxohix (worn) {rN+ Dex-2 Slay+2 SInv}
   (You acquired it on level 2 of the Lair of Beasts)

   Dex:       It affects your dexterity (-2).
   Slay:      It affects your accuracy & damage with ranged weapons and melee
   (+2).
   rN:        It protects you from negative energy.
   SInv:      It lets you see invisible.
 j - the scarf "Aleer" (worn) {repulsion, +Blink rPois rC+ Int-2}
   (Okawaru gifted it to you on level 5 of the Lair of Beasts)

   Int:       It affects your intelligence (-2).
   rC:        It protects you from cold.
   rPois:     It protects you from poison.
   +Blink:    It lets you blink.
 q - a +0 kite shield (worn)
 x - a +0 pair of gloves (worn)
Jewellery
 i - a +6 ring of strength (left hand)
 k - a ring of protection from cold (right hand)
 w - an amulet of guardian spirit
Scrolls
 a - a scroll of identify
 n - 9 scrolls of teleportation
Potions
 b - a potion of resistance
 d - 5 potions of might
 h - 3 potions of lignification
 l - 5 potions of haste
 m - 7 potions of curing
 p - 5 potions of mutation
 r - a potion of magic
 v - a potion of attraction
 z - a potion of enlightenment {unknown}

Dungeon Overview and Level Annotations

Branches:
Dungeon (14/15)            Temple (1/1) D:5            Lair (5/5) D:10
 Shoals (0/4) Lair:3        Snake (0/4) Lair:3        Slime (0/5) Lair:5
    Orc (0/2) D:9
 Vaults: D:13-14

Altars:
Ashenzari
Cheibriados
Dithmenos
Elyvilon
Fedhas
Gozag
Hepliaklqana
Kikubaaqudgha
Makhleb
Nemelex Xobeh
Okawaru
Qazlal
Ru
Sif Muna
Trog
Uskayaw
Vehumet
Wu Jian
Xom
Yredelemnul
Zin
The Shining One
Jiyva

Shops:
D:6 *

Portals:
Hell: Lair:5

Annotations:
D:10 2 runed translucent doors
Lair:3 exclusions: 3 lava snakes and 32 salamanders
Lair:5 4 runed translucent doors, qw's ghost, journeyman GrFi


Message History

The white very ugly thing is severely wounded.
You hit the cyan very ugly thing. You slash the cyan very ugly thing!
You feel better.
You block the white very ugly thing's attack.
You block the cyan very ugly thing's attack.
You barely miss the white very ugly thing.
The white very ugly thing is severely wounded.
You hit the cyan very ugly thing.
You completely miss the cyan very ugly thing.
A starcursed mass splits.
The white very ugly thing completely misses you.
The cyan very ugly thing basks in the mutagenic energy from its kin and changes!
The cyan very ugly thing trunk-slaps you but does no damage.
You closely miss the white very ugly thing.
The white very ugly thing is severely wounded.
You closely miss the white very ugly thing.
You closely miss the cyan very ugly thing.
The white very ugly thing kicks you! The white very ugly thing freezes you!
You resist.
You completely miss the white very ugly thing.
The white very ugly thing is severely wounded.
You barely miss the white very ugly thing.
You hit the cyan very ugly thing but do no damage.
The cyan very ugly thing completely misses you.
You hit the white very ugly thing.
The white very ugly thing is severely wounded.
You hit the white very ugly thing but do no damage.
You hit the cyan very ugly thing.
The white very ugly thing basks in the mutagenic energy from its kin and changes!
The cyan very ugly thing barely misses you.
A starcursed mass splits.
You closely miss the white very ugly thing.
The white very ugly thing is severely wounded.
You hit the white ugly thing.
You feel better.
You slash the cyan very ugly thing!
You feel better.
You hit the cyan very ugly thing.
You feel better.
You block the white very ugly thing's attack.
The white ugly thing engulfs you. The white ugly thing freezes you! You resist.
The cyan very ugly thing trunk-slaps you!
You die...

.## .....# #
# . .
....###. # .
. ...~... ..
###....#. ..
#.##.. ~.# ##
###.... .#
##..)...#~###
#######..).#
#..
#...uu@u.# #
#.+
......uu#.# .
X...X..u### .
.# .
......... # .
#.. .
.#XXX.... # #
......#... .
.........#
#.......## #


You could see 5 starcursed masses, 3 very ugly things and 3 ugly things.

Vanquished Creatures
  4 hydras
  A vault guard (D:13)
  A catoblepas (Lair:5)
  A skyshark (Lair:5)
  A sun demon (Lair:5)
  A flayed ghost (Abyss:2)
  A lindwurm (Lair:1)
  2 wizards
  An orc knight (D:13)
  A shining eye (shapeshifter) (Abyss:2)
  A cyclops (D:11)
  A salamander (Lair:3)
  7 black mambas
  Joseph (D:10)
  A smoke demon (Lair:5)
  14 cane toads
  12 elephants
  An apocalypse crab (Abyss:2)
  An unseen horror (D:10)
  2 gargoyles
  A yaktaur (D:13)
  An efreet (D:13)
  8 komodo dragons
  An orange demon (Lair:5)
  3 rime drakes
  2 red devils (Lair:5)
  3 ice devils (Lair:5)
  2 polar bears
  A troll (D:10)
  An ancient zyme (Abyss:2)
  9 dream sheep
  4 raiju (Abyss:2)
  Grinder (D:3)
  3 blink frogs (Lair:2)
  A large abomination (Abyss:2)
  2 vampires
  5 wyverns
  A wraith (D:11)
  5 basilisks
  A basilisk (shapeshifter) (D:13)
  42 yaks
  2 steam dragons
  2 acid dragons (D:10)
  4 hell hounds (Lair:5)
  11 water moccasins
  4 orc warriors
  2 sky beasts
  2 black bears (D:5)
  5 ogres
  7 wolves
  A phantom (D:6)
  4 centaurs
  A kobold brigand (D:9)
  16 bullfrogs
  A scorpion (D:4)
  4 gnoll sergeants
  12 wights
  14 killer bees
  4 jellies
  4 electric eels
  A howler monkey (D:8)
  A lava snake (D:7)
  5 hounds
  4 orc priests (D:8)
  2 gnoll boudas (D:6)
  2 sleepcaps
  A scorpion zombie (D:3)
  6 iguanas
  8 orc wizards
  5 hell rats (Lair:3)
  27 gnolls
  6 adders
  A river rat (D:4)
  3 shadow imps
  2 white imps
  A worm (D:2)
  4 dart slugs
  31 orcs
  10 endoplasms
  7 giant cockroaches
  5 goblins
  8 hobgoblins
  7 jackals (D:1)
  12 kobolds
  6 quokkas
  7 ball pythons
  4 bats
  A frilled lizard (D:2)
  A giant cockroach zombie (D:3)
  5 rats
435 creatures vanquished.

Notes
Turn   | Place    | Note
-------+----------+-------------------------------------------
     0 | D:1      | qw the Gargoyle Fighter began the quest for the Orb.
     0 | D:1      | Reached XP level 1. HP: 14/14 MP: 1/1
     0 | D:1      | 0 ||| qw: Version: 0.3-a-24-ga2abf7b
     0 | D:1      | 0 ||| qw: Game counter: 7120
     0 | D:1      | 0 ||| qw: Melee chars always use a shield: true
     0 | D:1      | 0 ||| qw: God list: Okawaru
     0 | D:1      | 0 ||| qw: Allow faded altars: false
     0 | D:1      | 0 ||| qw: Do Orc after clearing Dungeon:15 true
     0 | D:1      | 0 ||| qw: Do second Lair branch before Depths: true
     0 | D:1      | 0 ||| qw: Lair rune preference: random
     0 | D:1      | 0 ||| qw: Goals: Normal, Zot:1-4, Slime:5, God:TSO, Crypt,
                  | Tomb, Abyss, Pan, Hells, Win
     0 | D:1      | 0 ||| PLANNING D:1-11
    62 | D:1      | Reached skill level 2 in Axes
   137 | D:1      | Reached XP level 2. HP: 19/19 MP: 2/2
   227 | D:1      | 227 ||| FLEEEEING.
   264 | D:1      | Reached skill level 3 in Axes
   299 | D:1      | Reached XP level 3. HP: 23/23 MP: 3/3
   395 | D:1      | 395 ||| Stepping ~*~*~tactically~*~*~ (hiding).
   510 | D:1      | 510 ||| Stepping ~*~*~tactically~*~*~ (hiding).
   724 | D:1      | 724 ||| UPGRADING to +6 ring of strength.
   725 | D:1      | 725 ||| UPGRADING to ring of protection from cold.
   726 | D:1      | 726 ||| READING 2 scrolls labelled QYLOER PAOPS.
   727 | D:1      | 727 ||| READING scroll labelled TUGAOMEYPN.
   728 | D:1      | 728 ||| READING scroll labelled XOGOIR CYUNUY.
   729 | D:1      | 729 ||| READING scroll labelled MUTIBUYTI.
  1103 | D:2      | 1103 ||| Stepping ~*~*~tactically~*~*~ (stealth).
  1107 | D:2      | Reached XP level 4. HP: 28/28 MP: 4/4
  1111 | D:2      | Reached skill level 4 in Axes
  1272 | D:2      | Found a faded altar of an unknown god.
  1360 | D:2      | 1360 ||| READING scroll labelled BOTHELLEJINAV.
  1378 | D:2      | 1378 ||| READING scroll labelled NOFUBBE OGUJE.
  1383 | D:2      | 1383 ||| DRINKING 2 white potions.
  1384 | D:2      | 1384 ||| DRINKING 2 bubbling sapphire potions.
  1487 | D:3      | 1487 ||| DROPPING +0 club.
  1632 | D:3      | 1632 ||| Stepping ~*~*~tactically~*~*~ (hiding).
  1662 | D:3      | 1662 ||| Stepping ~*~*~tactically~*~*~ (stealth).
  1666 | D:3      | Noticed Grinder
  1671 | D:3      | Paralysed by Grinder for 5 turns
  1682 | D:3      | 1682 ||| FLEEEEING.
  1683 | D:3      | 1683 ||| FLEEEEING.
  1690 | D:3      | 1690 ||| FLEEEEING.
  1691 | D:3      | 1691 ||| FLEEEEING.
  1692 | D:3      | 1692 ||| FLEEEEING.
  1693 | D:3      | 1693 ||| FLEEEEING.
  1694 | D:3      | 1694 ||| FLEEEEING.
  1702 | D:3      | 1702 ||| FLEEEEING.
  1702 | D:3      | Paralysed by Grinder for 2 turns
  1704 | D:3      | 1704 ||| FLEEEEING.
  1705 | D:3      | 1705 ||| FLEEEEING.
  1706 | D:3      | 1706 ||| FLEEEEING.
  1707 | D:3      | 1707 ||| FLEEEEING.
  1708 | D:3      | 1708 ||| FLEEEEING.
  1709 | D:3      | 1709 ||| FLEEEEING.
  1710 | D:3      | 1710 ||| FLEEEEING.
  1719 | D:3      | Killed Grinder
  1720 | D:3      | Reached skill level 5 in Axes
  1720 | D:3      | Reached XP level 5. HP: 25/32 MP: 5/5
  1720 | D:3      | Reached XP level 6. HP: 29/37 MP: 6/6
  1767 | D:3      | 1767 ||| DROPPING +0 whip.
  1778 | D:3      | Found a stormy altar of Qazlal.
  1953 | D:3      | 1953 ||| Stepping ~*~*~tactically~*~*~ (stealth).
  2109 | D:3      | Reached skill level 1 in Dodging
  2116 | D:3      | Found a basalt altar of Yredelemnul.
  2185 | D:3      | 2185 ||| READING scroll labelled YMUSUOZOITE.
  2186 | D:3      | 2186 ||| DRINKING 2 yellow potions.
  2187 | D:3      | 2187 ||| DRINKING 2 fuming coppery potions.
  2187 | D:3      | Gained mutation: You are strong-willed. (Will+) [potion of
                  | mutation]
  2187 | D:3      | Gained mutation: You are somewhat resistant to further
                  | mutation. [potion of mutation]
  2215 | D:4      | 2215 ||| PLANNING SEWER
  2253 | D:4      | 2253 ||| Stepping ~*~*~tactically~*~*~ (hiding).
  2494 | D:4      | Found a broken altar of Ashenzari.
  2539 | D:4      | Reached skill level 6 in Axes
  2664 | D:4      | Reached XP level 7. HP: 27/43 MP: 7/7
  2664 | D:4      | 2664 ||| FLEEEEING.
  2665 | D:4      | 2665 ||| FLEEEEING.
  2666 | D:4      | 2666 ||| FLEEEEING.
  2667 | D:4      | 2667 ||| FLEEEEING.
  2668 | D:4      | 2668 ||| FLEEEEING.
  2669 | D:4      | 2669 ||| FLEEEEING.
  2670 | D:4      | 2670 ||| FLEEEEING.
  2671 | D:4      | 2671 ||| FLEEEEING.
  2672 | D:4      | 2672 ||| FLEEEEING.
  2673 | D:4      | 2673 ||| FLEEEEING.
  2674 | D:4      | 2674 ||| FLEEEEING.
  2675 | D:4      | 2675 ||| FLEEEEING.
  2676 | D:4      | 2676 ||| FLEEEEING.
  2678 | D:4      | 2678 ||| FLEEEEING.
  2679 | D:4      | 2679 ||| FLEEEEING.
  2680 | D:4      | 2680 ||| FLEEEEING.
  2681 | D:4      | 2681 ||| FLEEEEING.
  2682 | D:4      | 2682 ||| FLEEEEING.
  2683 | D:4      | 2683 ||| FLEEEEING.
  2684 | D:4      | 2684 ||| FLEEEEING.
  2685 | D:4      | 2685 ||| FLEEEEING.
  2686 | D:4      | 2686 ||| FLEEEEING.
  2687 | D:4      | 2687 ||| FLEEEEING.
  2689 | D:4      | 2689 ||| FLEEEEING.
  2690 | D:4      | 2690 ||| FLEEEEING.
  2691 | D:4      | 2691 ||| FLEEEEING.
  2692 | D:4      | 2692 ||| FLEEEEING.
  2693 | D:4      | 2693 ||| FLEEEEING.
  2694 | D:4      | 2694 ||| FLEEEEING.
  2695 | D:4      | 2695 ||| FLEEEEING.
  2697 | D:4      | 2697 ||| FLEEEEING.
  2698 | D:4      | 2698 ||| FLEEEEING.
  2699 | D:4      | 2699 ||| STAIRDANCE
  2721 | D:3      | 2721 ||| READING scroll labelled HAPPAL ID NOAK.
  2722 | D:3      | 2722 ||| DRINKING 2 bubbling white potions.
  2759 | D:3      | 2759 ||| READING 2 scrolls of identify.
  2759 | D:3      | 2759 ||| IDENTIFYING sapphire potion
  2760 | D:3      | 2760 ||| DROPPING potion of berserk rage.
  2829 | D:4      | 2829 ||| RIP SEWER
  2859 | D:4      | 2859 ||| PLANNING D:1-11
  2896 | D:4      | Found a glowing golden altar of the Shining One.
  2968 | D:4      | 2968 ||| Stepping ~*~*~tactically~*~*~ (water).
  2970 | D:4      | Reached skill level 7 in Axes
  3298 | D:4      | 3298 ||| UPGRADING to +0 pair of boots.
  3311 | D:5      | Entered Level 5 of the Dungeon
  3348 | D:5      | 3348 ||| Stepping ~*~*~tactically~*~*~ (stealth).
  3349 | D:5      | 3349 ||| Stepping ~*~*~tactically~*~*~ (stealth).
  3350 | D:5      | 3350 ||| Stepping ~*~*~tactically~*~*~ (stealth).
  3384 | D:5      | Reached XP level 8. HP: 50/50 MP: 8/8
  3563 | D:5      | HP: 11/50 [gnoll/+0 spear[a gnoll sergeant] (4)]
  3564 | D:5      | 3564 ||| READING 2 scrolls of teleportation.
  3565 | D:5      | 3565 ||| DRINKING potion of heal wounds.
  3634 | D:5      | 3634 ||| Stepping ~*~*~tactically~*~*~ (stealth).
  3635 | D:5      | 3635 ||| Stepping ~*~*~tactically~*~*~ (stealth).
  3765 | D:5      | 3765 ||| Stepping ~*~*~tactically~*~*~ (stealth).
  3766 | D:5      | 3766 ||| Stepping ~*~*~tactically~*~*~ (stealth).
  3793 | D:5      | Reached skill level 8 in Axes
  3824 | D:5      | Reached skill level 6 in Fighting
  3858 | D:5      | Found a staircase to the Ecumenical Temple.
  3859 | D:5      | 3859 ||| PLANNING TEMPLE
  3859 | D:5      | 3859 ||| READING scroll labelled TEMILU HIZUME.
  3868 | Temple   | Entered the Ecumenical Temple
  3869 | Temple   | 3869 ||| PLANNING OKAWARU WORSHIP
  3909 | Temple   | Became a worshipper of Warmaster Okawaru
  3910 | Temple   | 3910 ||| PLANNING D:1-11
  3969 | D:5      | Identified the +1 ring mail of Watchfulness {rN+}
  4032 | D:5      | 4032 ||| Stepping ~*~*~tactically~*~*~ (stealth).
  4039 | D:5      | 4039 ||| Stepping ~*~*~tactically~*~*~ (stealth).
  4396 | D:5      | 4396 ||| DROPPING +1 ring mail of Watchfulness {rN+}.
  4397 | D:5      | 4397 ||| READING scroll labelled IMUTOP CEPPUERPH.
  4469 | D:6      | Found Sumnilea's Assorted Antiques.
  4478 | D:6      | Reached skill level 9 in Axes
  4498 | D:6      | 4498 ||| BUYING glowing leather armour (175 gold).
  4498 | D:6      | Bought a glowing leather armour for 175 gold pieces
  4498 | D:6      | 4498 ||| SHOPLISTING large ivory ring (175 gold, have 171).
  4498 | D:6      | 4498 ||| BUYING scroll labelled FUGASU MEN (35 gold).
  4498 | D:6      | Bought a scroll labelled FUGASU MEN for 35 gold pieces
  4498 | D:6      | 4498 ||| BUYING scroll labelled WUTREZ FACZORA (35 gold).
  4498 | D:6      | Bought a scroll labelled WUTREZ FACZORA for 35 gold pieces
  4498 | D:6      | 4498 ||| SHOPLISTING transparent ring mail (315 gold, have
                  | 101).
  4535 | D:6      | Reached XP level 9. HP: 52/55 MP: 9/9
  4540 | D:6      | Reached * piety under Okawaru
  4541 | D:6      | 4541 ||| INVOKING Heroism.
  4578 | D:6      | 4578 ||| DROPPING +0 war axe.
  4635 | D:6      | Reached skill level 1 in Throwing
  4665 | D:6      | 4665 ||| Stepping ~*~*~tactically~*~*~ (stealth).
  4666 | D:6      | 4666 ||| Stepping ~*~*~tactically~*~*~ (stealth).
  4708 | D:6      | Identified the +1 flail "Nedin" {venom, Dex+2 SInv Stlth+}
  4710 | D:6      | 4710 ||| DROPPING +0 flail.
  4730 | D:6      | 4730 ||| INVOKING Heroism.
  4735 | D:6      | Reached skill level 1 in Invocations
  4923 | D:6      | 4923 ||| Stepping ~*~*~tactically~*~*~ (hiding).
  4925 | D:6      | 4925 ||| INVOKING Heroism.
  4997 | D:6      | Found an ancient bone altar of Kikubaaqudgha.
  5037 | D:6      | 5037 ||| INVOKING Heroism.
  5221 | D:6      | Found a burning altar of Makhleb.
  5222 | D:6      | Noticed a balrug
  5224 | D:6      | 5224 ||| DROPPING +1 leather armour of fire resistance.
  5225 | D:6      | 5225 ||| UPGRADING to +0 chain mail.
  5235 | D:6      | 5235 ||| DROPPING +0 scale mail.
  5236 | D:6      | 5236 ||| READING scroll labelled FUGASU MEN.
  5237 | D:6      | 5237 ||| READING 2 scrolls labelled WUTREZ FACZORA.
  5237 | D:6      | Noticed a hellwing
  5238 | D:6      | 5238 ||| DROPPING scroll of revelation.
  5272 | D:7      | 5272 ||| INVOKING Heroism.
  5389 | D:7      | 5389 ||| FLEEEEING.
  5390 | D:7      | 5390 ||| FLEEEEING.
  5453 | D:7      | 5453 ||| Stepping ~*~*~tactically~*~*~ (hiding).
  5539 | D:7      | 5539 ||| Stepping ~*~*~tactically~*~*~ (hiding).
  5599 | D:7      | Reached skill level 3 in Invocations
  5603 | D:7      | 5603 ||| INVOKING Heroism.
  5848 | D:7      | 5848 ||| Stepping ~*~*~tactically~*~*~ (stealth).
  5871 | D:7      | 5871 ||| Stepping ~*~*~tactically~*~*~ (stealth).
  5906 | D:7      | 5906 ||| Stepping ~*~*~tactically~*~*~ (stealth).
  6033 | D:7      | 6033 ||| INVOKING Heroism.
  6037 | D:7      | Reached skill level 10 in Axes
  6078 | D:7      | 6078 ||| INVOKING Heroism.
  6308 | D:7      | 6308 ||| DROPPING ring of magical power.
  6309 | D:7      | 6309 ||| READING scroll labelled PIOXTI JUTZI.
  6339 | D:8      | Found a flagged portal.
  6342 | D:8      | 6342 ||| STAIRDANCE
  6391 | D:8      | Reached XP level 10. HP: 63/64 MP: 13/13
  6395 | D:8      | 6395 ||| DROPPING +1 flail "Nedin" {venom, Dex+2 SInv
                  | Stlth+}.
  6443 | D:8      | Found a shadowy altar of Dithmenos.
  6602 | D:8      | 6602 ||| Stepping ~*~*~tactically~*~*~ (hiding).
  6715 | D:8      | 6715 ||| INVOKING Heroism.
  6909 | D:8      | 6909 ||| INVOKING Heroism.
  7231 | D:8      | 7231 ||| INVOKING Heroism.
  7305 | D:8      | 7305 ||| UPGRADING to +0 plate armour.
  7315 | D:8      | 7315 ||| DROPPING +0 chain mail.
  7364 | D:9      | 7364 ||| STAIRDANCE
  7504 | D:9      | 7504 ||| Stepping ~*~*~tactically~*~*~ (stealth).
  7519 | D:9      | Reached skill level 6 in Armour
  7523 | D:9      | Reached ** piety under Okawaru
  7575 | D:9      | 7575 ||| INVOKING Heroism.
  7668 | D:9      | Found a staircase to the Orcish Mines.
  7704 | D:9      | 7704 ||| Stepping ~*~*~tactically~*~*~ (hiding).
  7801 | D:9      | 7801 ||| Stepping ~*~*~tactically~*~*~ (cloud).
  7803 | D:9      | 7803 ||| Stepping ~*~*~tactically~*~*~ (hiding).
  7806 | D:9      | 7806 ||| INVOKING Heroism.
  7983 | D:9      | Found an opulent altar of Gozag.
  8067 | D:9      | 8067 ||| Stepping ~*~*~tactically~*~*~ (stealth).
  8082 | D:9      | Reached skill level 11 in Axes
  8088 | D:9      | Found a shimmering blue altar of Sif Muna.
  8301 | D:9      | 8301 ||| READING scroll of enchant weapon.
  8301 | D:9      | 8301 ||| ENCHANTING +0 vampiric war axe.
  8566 | D:9      | 8566 ||| DRINKING 2 fizzy coppery potions.
  8567 | D:9      | 8567 ||| DRINKING 3 bubbling brown potions.
  8568 | D:9      | 8568 ||| DROPPING 2 potions of brilliance.
  8625 | D:10     | Entered Level 10 of the Dungeon
  8668 | D:10     | 8668 ||| Stepping ~*~*~tactically~*~*~ (hiding).
  8679 | D:10     | Reached XP level 11. HP: 69/69 MP: 14/14
  8679 | D:10     | 8679 ||| INVOKING Heroism.
  8691 | D:10     | Reached skill level 9 in Fighting
  8735 | D:10     | 8735 ||| Stepping ~*~*~tactically~*~*~ (stealth).
  8748 | D:10     | Reached *** piety under Okawaru
  8799 | D:10     | Found a runed translucent door.
  8820 | D:10     | Found a sparkling altar of Nemelex Xobeh.
  8893 | D:10     | 8893 ||| Stepping randomly (disturbance).
  8996 | D:10     | Noticed Joseph
  9007 | D:10     | 9007 ||| INVOKING Heroism.
  9015 | D:10     | Killed Joseph
  9135 | D:10     | Found a runed translucent door.
  9136 | D:10     | Noticed a two-headed ogre
  9202 | D:10     | 9202 ||| FLEEEEING.
  9203 | D:10     | 9203 ||| FLEEEEING.
  9204 | D:10     | 9204 ||| FLEEEEING.
  9209 | D:10     | 9209 ||| FLEEEEING.
  9210 | D:10     | 9210 ||| FLEEEEING.
  9219 | D:10     | 9219 ||| FLEEEEING.
  9220 | D:10     | 9220 ||| FLEEEEING.
  9221 | D:10     | 9221 ||| FLEEEEING.
  9222 | D:10     | 9222 ||| FLEEEEING.
  9223 | D:10     | 9223 ||| FLEEEEING.
  9224 | D:10     | 9224 ||| FLEEEEING.
  9225 | D:10     | 9225 ||| FLEEEEING.
  9226 | D:10     | 9226 ||| FLEEEEING.
  9227 | D:10     | 9227 ||| FLEEEEING.
  9228 | D:10     | 9228 ||| FLEEEEING.
  9229 | D:10     | 9229 ||| FLEEEEING.
  9230 | D:10     | 9230 ||| FLEEEEING.
  9231 | D:10     | 9231 ||| FLEEEEING.
  9232 | D:10     | 9232 ||| FLEEEEING.
  9233 | D:10     | 9233 ||| FLEEEEING.
  9243 | D:10     | 9243 ||| FLEEEEING.
  9244 | D:10     | 9244 ||| FLEEEEING.
  9245 | D:10     | 9245 ||| FLEEEEING.
  9246 | D:10     | 9246 ||| FLEEEEING.
  9247 | D:10     | 9247 ||| FLEEEEING.
  9248 | D:10     | 9248 ||| FLEEEEING.
  9249 | D:10     | 9249 ||| FLEEEEING.
  9252 | D:10     | 9252 ||| STAIRDANCE
  9356 | D:9      | 9356 ||| READING scroll labelled BUEREXUGIN.
  9468 | D:10     | 9468 ||| INVOKING Heroism.
  9615 | D:10     | Found a staircase to the Lair.
  9857 | D:10     | 9857 ||| PLANNING LAIR
  9918 | Lair:1   | Entered Level 1 of the Lair of Beasts
  9920 | Lair:1   | 9920 ||| INVOKING Heroism.
  9936 | Lair:1   | 9936 ||| STAIRDANCE
 10018 | Lair:1   | 10018 ||| Stepping ~*~*~tactically~*~*~ (stealth).
 10020 | Lair:1   | 10020 ||| INVOKING Heroism.
 10027 | Lair:1   | Reached skill level 12 in Axes
 10073 | Lair:1   | 10073 ||| Stepping ~*~*~tactically~*~*~ (hiding).
 10169 | Lair:1   | 10169 ||| INVOKING Heroism.
 10176 | Lair:1   | Reached skill level 6 in Shields
 10550 | Lair:1   | 10550 ||| INVOKING Heroism.
 10610 | Lair:1   | Noticed a lindwurm
 10611 | Lair:1   | 10611 ||| Stepping ~*~*~tactically~*~*~ (hiding).
 10614 | Lair:1   | 10614 ||| Stepping ~*~*~tactically~*~*~ (hiding).
 10616 | Lair:1   | 10616 ||| INVOKING Heroism.
 10617 | Lair:1   | HP: 14/71 [lindwurm/blast of flame (41)]
 10618 | Lair:1   | 10618 ||| READING 9 scrolls of teleportation.
 10619 | Lair:1   | 10619 ||| DRINKING 3 potions of heal wounds.
 10622 | Lair:1   | 10622 ||| DRINKING 2 potions of heal wounds.
 10834 | Lair:1   | 10834 ||| Stepping ~*~*~tactically~*~*~ (stealth).
 10836 | Lair:1   | 10836 ||| INVOKING Heroism.
 10860 | Lair:1   | Killed a lindwurm
 11083 | Lair:1   | 11083 ||| UPGRADING to +0 pair of gloves.
 11088 | Lair:1   | 11088 ||| READING scroll labelled SOSHUO FOIRI.
 11089 | Lair:1   | 11089 ||| READING 4 scrolls of identify.
 11089 | Lair:1   | 11089 ||| IDENTIFYING golden potion
 11090 | Lair:1   | 11090 ||| READING 3 scrolls of identify.
 11090 | Lair:1   | 11090 ||| IDENTIFYING blue potion
 11091 | Lair:1   | 11091 ||| READING 2 scrolls of identify.
 11091 | Lair:1   | 11091 ||| IDENTIFYING fizzy pink potion
 11092 | Lair:1   | 11092 ||| DROPPING potion of degeneration.
 11093 | Lair:1   | 11093 ||| DROPPING potion of invisibility.
 11094 | Lair:1   | 11094 ||| DROPPING potion of ambrosia.
 11137 | Lair:2   | 11137 ||| Stepping ~*~*~tactically~*~*~ (stealth).
 11138 | Lair:2   | 11138 ||| INVOKING Heroism.
 11143 | Lair:2   | Received a gift from Okawaru
 11166 | Lair:2   | 11166 ||| Stepping ~*~*~tactically~*~*~ (stealth).
 11172 | Lair:2   | 11172 ||| INVOKING Heroism.
 11408 | Lair:2   | 11408 ||| INVOKING Heroism.
 11467 | Lair:2   | 11467 ||| INVOKING Heroism.
 11595 | Lair:2   | Reached skill level 3 in Throwing
 11653 | Lair:2   | 11653 ||| Stepping ~*~*~tactically~*~*~ (stealth).
 11655 | Lair:2   | 11655 ||| INVOKING Heroism.
 11668 | Lair:2   | Reached XP level 12. HP: 77/77 MP: 13/15
 11853 | Lair:2   | 11853 ||| READING scroll labelled YLAM IVVISKAIL.
 11853 | Lair:2   | Identified a scroll of acquirement
 11853 | Lair:2   | 11853 ||| ACQUIRING +1 plate armour of Dizxohix {rN+ Dex-2
                  | Slay+2 SInv}
 11853 | Lair:2   | Acquired the +1 plate armour of Dizxohix {rN+ Dex-2 Slay+2
                  | SInv}
 11855 | Lair:2   | 11855 ||| UPGRADING to +1 plate armour of Dizxohix {rN+
                  | Dex-2 Slay+2 SInv}.
 11865 | Lair:2   | 11865 ||| DROPPING +0 plate armour.
 11866 | Lair:2   | 11866 ||| READING 2 scrolls of identify.
 11866 | Lair:2   | 11866 ||| IDENTIFYING green potion
 11891 | Lair:3   | Found a staircase to the Snake Pit.
 11892 | Lair:3   | 11892 ||| FLEEEEING.
 11893 | Lair:3   | 11893 ||| FLEEEEING.
 12040 | Lair:3   | 12040 ||| INVOKING Heroism.
 12110 | Lair:3   | 12110 ||| Stepping ~*~*~tactically~*~*~ (stealth).
 12198 | Lair:3   | 12198 ||| INVOKING Heroism.
 12199 | Lair:3   | 12199 ||| Stepping ~*~*~tactically~*~*~ (cloud).
 12301 | Lair:3   | Found a staircase to the Shoals.
 12319 | Lair:3   | 12319 ||| INVOKING Heroism.
 12343 | Lair:3   | 12343 ||| Stepping ~*~*~tactically~*~*~ (stealth).
 12350 | Lair:3   | 12350 ||| Stepping ~*~*~tactically~*~*~ (stealth).
 12351 | Lair:3   | 12351 ||| Stepping ~*~*~tactically~*~*~ (stealth).
 12360 | Lair:3   | Reached **** piety under Okawaru
 12397 | Lair:3   | 12397 ||| Stepping ~*~*~tactically~*~*~ (stealth).
 12399 | Lair:3   | 12399 ||| Stepping ~*~*~tactically~*~*~ (stealth).
 12406 | Lair:3   | Reached skill level 13 in Axes
 12446 | Lair:3   | 12446 ||| Stepping ~*~*~tactically~*~*~ (stealth).
 12448 | Lair:3   | 12448 ||| Stepping ~*~*~tactically~*~*~ (stealth).
 12511 | Lair:3   | 12511 ||| INVOKING Heroism.
 12922 | Lair:3   | 12922 ||| INVOKING Heroism.
 13260 | Lair:4   | 13260 ||| PLANNING GAUNTLET
 13318 | Lair:4   | Reached skill level 6 in Invocations
 13402 | Lair:4   | 13402 ||| Stepping ~*~*~tactically~*~*~ (hiding).
 13405 | Lair:4   | 13405 ||| Stepping ~*~*~tactically~*~*~ (hiding).
 13413 | Lair:4   | Reached skill level 9 in Armour
 13527 | Lair:4   | Reached ***** piety under Okawaru
 13546 | Lair:4   | 13546 ||| Stepping ~*~*~tactically~*~*~ (stealth).
 13549 | Lair:4   | 13549 ||| Stepping ~*~*~tactically~*~*~ (stealth).
 13550 | Lair:4   | 13550 ||| Stepping ~*~*~tactically~*~*~ (stealth).
 13584 | Lair:4   | Received a gift from Okawaru
 13604 | Lair:4   | 13604 ||| INVOKING Heroism.
 13658 | Lair:4   | Found a gate leading to a gauntlet.
 14060 | Lair:3   | 14060 ||| RIP GAUNTLET
 14060 | Lair:3   | 14060 ||| PLANNING LAIR
 14178 | Lair:4   | Reached XP level 13. HP: 82/82 MP: 18/18
 14183 | Lair:4   | Received a gift from Okawaru
 14212 | Lair:4   | Identified the +3 leather armour of the Lair of Beasts
                  | {Will- Regen+ Stlth+}
 14680 | Lair:4   | 14680 ||| INVOKING Heroism.
 14852 | Lair:5   | Entered Level 5 of the Lair of Beasts
 14899 | Lair:5   | 14899 ||| Stepping ~*~*~tactically~*~*~ (stealth).
 14901 | Lair:5   | 14901 ||| Stepping ~*~*~tactically~*~*~ (stealth).
 14906 | Lair:5   | 14906 ||| Stepping ~*~*~tactically~*~*~ (stealth).
 14910 | Lair:5   | Identified the scarf "Aleer" {repulsion, +Blink rPois rC+
                  | Int-2} (Okawaru gifted it to you on level 5 of the Lair of
                  | Beasts)
 14910 | Lair:5   | Received a gift from Okawaru
 14919 | Lair:5   | Reached skill level 9 in Invocations
 15012 | Lair:5   | 15012 ||| INVOKING Heroism.
 15016 | Lair:5   | Reached skill level 14 in Axes
 15028 | Lair:5   | 15028 ||| Stepping ~*~*~tactically~*~*~ (hiding).
 15075 | Lair:5   | 15075 ||| Stepping ~*~*~tactically~*~*~ (stealth).
 15076 | Lair:5   | 15076 ||| Stepping ~*~*~tactically~*~*~ (stealth).
 15080 | Lair:5   | 15080 ||| INVOKING Heroism.
 15081 | Lair:5   | 15081 ||| INVOKING Finesse.
 15152 | Lair:5   | 15152 ||| INVOKING Heroism.
 15165 | Lair:5   | 15165 ||| INVOKING Heroism.
 15207 | Lair:5   | Found a runed translucent gate.
 15207 | Lair:5   | Found a runed translucent gate.
 15207 | Lair:5   | Found a runed translucent gate.
 15215 | Lair:5   | Noticed qw's ghost (journeyman GrFi)
 15255 | Lair:5   | 15255 ||| Stepping ~*~*~tactically~*~*~ (stealth).
 15267 | Lair:5   | 15267 ||| INVOKING Heroism.
 15331 | Lair:5   | 15331 ||| Stepping ~*~*~tactically~*~*~ (stealth).
 15338 | Lair:5   | 15338 ||| FLEEEEING.
 15426 | Lair:5   | 15426 ||| Stepping ~*~*~tactically~*~*~ (stealth).
 15460 | Lair:5   | Found a runed translucent door.
 15460 | Lair:5   | Found a viscous altar of Jiyva.
 15460 | Lair:5   | Found a staircase to the Slime Pits.
 15481 | Lair:5   | 15481 ||| INVOKING Heroism.
 15482 | Lair:5   | 15482 ||| INVOKING Finesse.
 15484 | Lair:5   | 15484 ||| SWAPPING to +0 morningstar.
 15488 | Lair:5   | 15488 ||| SWAPPING to +1 vampiric war axe.
 15553 | Lair:5   | 15553 ||| INVOKING Heroism.
 15560 | Lair:5   | 15560 ||| SWAPPING to +0 morningstar.
 15566 | Lair:5   | 15566 ||| SWAPPING to +1 vampiric war axe.
 15617 | Lair:5   | 15617 ||| Stepping ~*~*~tactically~*~*~ (stealth).
 15619 | Lair:5   | 15619 ||| Stepping ~*~*~tactically~*~*~ (stealth).
 15857 | Lair:5   | 15857 ||| Stepping ~*~*~tactically~*~*~ (hiding).
 15861 | Lair:5   | 15861 ||| INVOKING Heroism.
 15866 | Lair:5   | 15866 ||| SWAPPING to +0 morningstar.
 15883 | Lair:5   | HP: 17/84 [eight-headed hydra (5)]
 15884 | Lair:5   | 15884 ||| READING 11 scrolls of teleportation.
 15884 | Lair:5   | HP: 7/84 [eight-headed hydra (4)]
 15885 | Lair:5   | 15885 ||| DRINKING 2 potions of heal wounds.
 15886 | Lair:5   | 15886 ||| DRINKING potion of heal wounds.
 15888 | Lair:5   | 15888 ||| SWAPPING to +1 vampiric war axe.
 15963 | Lair:5   | 15963 ||| Stepping ~*~*~tactically~*~*~ (stealth).
 15969 | Lair:5   | 15969 ||| Stepping ~*~*~tactically~*~*~ (stealth).
 15974 | Lair:5   | 15974 ||| INVOKING Heroism.
 16088 | Lair:5   | 16088 ||| Stepping ~*~*~tactically~*~*~ (hiding).
 16143 | Lair:5   | 16143 ||| Stepping ~*~*~tactically~*~*~ (stealth).
 16156 | Lair:5   | Received a gift from Okawaru
 16191 | Lair:5   | 16191 ||| FLEEEEING.
 16196 | Lair:5   | 16196 ||| FLEEEEING.
 16197 | Lair:5   | 16197 ||| FLEEEEING.
 16206 | Lair:5   | 16206 ||| FLEEEEING.
 16211 | Lair:5   | 16211 ||| FLEEEEING.
 16212 | Lair:5   | 16212 ||| FLEEEEING.
 16213 | Lair:5   | 16213 ||| FLEEEEING.
 16214 | Lair:5   | 16214 ||| FLEEEEING.
 16215 | Lair:5   | 16215 ||| FLEEEEING.
 16217 | Lair:5   | 16217 ||| FLEEEEING.
 16218 | Abyss:2  | Found a corrupted altar of Lugonu.
 16218 | Abyss:2  | Cast into level 2 of the Abyss (a wizard)
 16318 | Abyss:2  | 16318 ||| Stepping ~*~*~tactically~*~*~ (hiding).
 16361 | Lair:5   | Escaped the Abyss
 16362 | Lair:5   | 16362 ||| Stepping ~*~*~tactically~*~*~ (hiding).
 16363 | Lair:5   | 16363 ||| Stepping ~*~*~tactically~*~*~ (hiding).
 16380 | Lair:5   | 16380 ||| Stepping ~*~*~tactically~*~*~ (stealth).
 16381 | Lair:5   | 16381 ||| Stepping ~*~*~tactically~*~*~ (stealth).
 16396 | Lair:5   | 16396 ||| Stepping ~*~*~tactically~*~*~ (stealth).
 16418 | Lair:5   | 16418 ||| INVOKING Heroism.
 16419 | Lair:5   | 16419 ||| INVOKING Finesse.
 16423 | Lair:5   | Found a burning altar of Makhleb.
 16433 | Lair:5   | Gained mutation: Your large and strong wings let you fly.
                  | [Gargoyle growth]
 16433 | Lair:5   | Reached XP level 14. HP: 68/90 MP: 14/21
 16452 | Lair:5   | 16452 ||| Stepping ~*~*~tactically~*~*~ (stealth).
 16472 | Lair:5   | 16472 ||| Stepping ~*~*~tactically~*~*~ (stealth).
 16523 | Lair:5   | 16523 ||| INVOKING Heroism.
 16524 | Lair:5   | 16524 ||| INVOKING Finesse.
 16573 | Lair:5   | Found a gateway to Hell.
 16988 | Lair:5   | 16988 ||| UPGRADING to scarf "Aleer" {repulsion, +Blink
                  | rPois rC+ Int-2}.
 16993 | Lair:5   | 16993 ||| PLANNING D:1-11
 16993 | Lair:5   | 16993 ||| READING 2 scrolls of identify.
 16993 | Lair:5   | 16993 ||| IDENTIFYING puce potion
 17214 | D:11     | Reached skill level 6 in Throwing
 17267 | D:11     | 17267 ||| Stepping ~*~*~tactically~*~*~ (hiding).
 17285 | D:11     | Received a gift from Okawaru
 17363 | D:11     | 17363 ||| Stepping ~*~*~tactically~*~*~ (hiding).
 17508 | D:11     | You are sucked into a shaft and drop 3 floors!
 17509 | D:14     | 17509 ||| UPGRADING to +0 kite shield.
 17519 | D:14     | 17519 ||| DROPPING +0 buckler.
 17690 | D:13     | 17690 ||| INVOKING Heroism.
 17717 | D:13     | 17717 ||| INVOKING Finesse.
 17728 | D:13     | 17728 ||| Stepping ~*~*~tactically~*~*~ (stealth).
 17729 | D:13     | 17729 ||| Stepping ~*~*~tactically~*~*~ (stealth).
 17734 | D:13     | 17734 ||| Stepping ~*~*~tactically~*~*~ (stealth).
 17754 | D:13     | 17754 ||| Stepping ~*~*~tactically~*~*~ (hiding).
 17756 | D:13     | 17756 ||| Stepping ~*~*~tactically~*~*~ (hiding).
 17757 | D:13     | 17757 ||| Stepping ~*~*~tactically~*~*~ (hiding).
 17824 | Abyss:2  | Cast into level 2 of the Abyss (a wizard)
 17918 | Abyss:2  | 17918 ||| Stepping ~*~*~tactically~*~*~ (hiding).
 17920 | Abyss:2  | 17920 ||| Stepping ~*~*~tactically~*~*~ (hiding).
 17923 | Abyss:2  | Noticed a white very ugly thing
 17924 | Abyss:2  | 17924 ||| Stepping ~*~*~tactically~*~*~ (stealth).
 17926 | Abyss:2  | Noticed a white very ugly thing
 17926 | Abyss:2  | Noticed a white very ugly thing
 17932 | Abyss:2  | 17932 ||| INVOKING Heroism.
 17937 | Abyss:2  | Noticed a starcursed mass
 17937 | Abyss:2  | HP: 22/90 [white very ugly thing (12)]
 17938 | Abyss:2  | 17938 ||| READING 10 scrolls of teleportation.
 17942 | Abyss:2  | HP: 12/90 [white very ugly thing (13)]
 17942 | Abyss:2  | HP: 1/90 [white very ugly thing (11)]
 17945 | Abyss:2  | Mangled by a cyan very ugly thing

Levels and vault maps discovered:
D:1:      minmay_arrival_four_circles, layout_basic
D:2:      layout_rooms, hellmonk_ecumenical_altar_slurped_away, corexii_shack,
          minmay_randomly_rotated_circles
D:3:      layout_basic, lemuel_zombie_altar_yredelemnul,
          nicolae_qazlal_general_emergency, uniq_grinder
D:4:      layout_gridville, mainiacjoe_overflow_small_starburst,
          mainiacjoe_overflow_alcove_4, portal_sewer_entry_e
D:5:      layout_loops_corners, minmay_temple_entry_glassed_door,
          minmay_gold_behind_fungi
D:6:      layout_cave_pools, makhleb_altar_promises_db,
          mainiacjoe_overflow_chevrons, serial_shops, nicolae_stop_n_shop_2
D:7:      layout_basic, kennysheep_boxes
D:8:      layout_cave_pods, amcnicky_altar_gilded, enter_bailey_2
D:9:      layout_stronghold, mainiacjoe_overflow_concentric_impassable,
          lemuel_round_altar, orc_0_dummy
D:10:     cheibrodos_histonic, layout_loops_ring,
          nemelex_xobeh_ov_fountains_minmay, minmay_misc_feat_rows, uniq_joseph
D:11:     layout_loops_ring, ebering_ghost_funeral_grove, uniq_psyche
D:13:     layout_long_grid, grunt_vaults_entry_fortified
D:14:     layout_stronghold, minmay_misc_feat_room, xom_shifter_show
Temple:   nicolae_temple_ecumenical_triangle
Lair:1:   layout_regular_city, nicolae_lair_lindhole
Lair:2:   layout_loops_ring, minivault_25, minivault_27, disabler_island,
          grunt_megastairs_4
Lair:3:   layout_cellular_growth, elwin_shoals_entry_rocks,
          nicolae_snake_entry_warm_welcome, serial_bayou_shore_b
Lair:4:   layout_cave_pods, gauntlet_entry_generic, minmay_holes,
          infiniplex_staircase_pool_2
Lair:5:   evil_forest, layout_loops_ring, slime_entry_2,
          gammafunk_ghost_necromancy
Abyss:2:  base: Bailey, base:
Lair:4

Skill      XL: |  1  2  3  4  5  6  7  8  9 10 11 12 13 14 |
---------------+-------------------------------------------+-----
Axes           | 2 3 5 6 7 9 10 11 12 13 14 | 14.9
Dodging        | 1 2 |  2.0
Fighting       | 4 5 6 7 8 10 11 | 11.0
Shields        | 4 5 6 7 8 |  8.9
Throwing       | 1 3 5 6 |  6.0
Invocations    | 4 7 10 | 10.0
Armour         | 4 7 8 9 10 | 10.0

Action                     |  1- 3 |  4- 6 |  7- 9 | 10-12 | 13-15 || total
---------------------------+-------+-------+-------+-------+-------++-------
  Melee: War axe           |   101 |   120 |   353 |   537 |   408 ||  1519
         Morningstar       |       |       |       |       |    24 ||    24
  Throw: Boomerang         |       |       |    38 |    53 |    15 ||   106
         Javelin           |       |       |       |    60 |    91 ||   151
 Invoke: Heroism           |       |       |     8 |    25 |    14 ||    47
         Finesse           |       |       |       |       |     5 ||     5
    Use: Scroll            |     4 |     3 |     8 |     9 |     3 ||    27
         Potion            |       |     4 |     2 |     4 |     2 ||    12
 Armour: Scale mail        |    60 |    47 |   118 |       |       ||   225
         Chain mail        |       |       |    55 |    33 |       ||    88
         Plate armour      |       |       |       |   327 |   252 ||   579
  Dodge: Dodged            |    37 |    45 |   212 |   194 |   137 ||   625
         Repelled          |       |       |       |       |     2 ||     2
  Block: Buckler           |    25 |    22 |    74 |   118 |    62 ||   301
         Kite shield       |       |       |       |       |    17 ||    17

Table legend:
 A = Non-vault XP
 B = Vault XP
 C = Vault XP percentage of total XP
 D = Non-vault monster count
 E = Vault monster count
 F = Vault count percentage of total count
                 A         B        C        D         E       F
            +---------+---------+-------+---------+---------+-------
      Total |   48898 |   15931 |  24.6 |     366 |      69 |  15.9
            +---------+---------+-------+---------+---------+-------
        D:1 |      49 |       0 |   0.0 |      25 |       0 |   0.0
        D:2 |      30 |      49 |  62.0 |      11 |      12 |  52.2
        D:3 |      31 |     300 |  90.6 |      17 |       3 |  15.0
        D:4 |     478 |      35 |   6.8 |      19 |       8 |  29.6
        D:5 |    1187 |       0 |   0.0 |      20 |       0 |   0.0
        D:6 |    1198 |       0 |   0.0 |      34 |       0 |   0.0
        D:7 |    1212 |       0 |   0.0 |      31 |       0 |   0.0
        D:8 |    1897 |       0 |   0.0 |      24 |       0 |   0.0
        D:9 |    2561 |       0 |   0.0 |      23 |       0 |   0.0
       D:10 |    1662 |     466 |  21.9 |      11 |       1 |   8.3
       D:11 |    2093 |       0 |   0.0 |      20 |       0 |   0.0
       D:13 |    1418 |    2884 |  67.0 |       3 |       5 |  62.5
     Lair:1 |    3386 |     640 |  15.9 |      15 |       1 |   6.2
     Lair:2 |    2335 |    1565 |  40.1 |       9 |      12 |  57.1
     Lair:3 |    6422 |     504 |   7.3 |      27 |       1 |   3.6
     Lair:4 |    9283 |       0 |   0.0 |      34 |       0 |   0.0
     Lair:5 |   10139 |    9488 |  48.3 |      30 |      26 |  46.4
    Abyss:2 |    3517 |       0 |   0.0 |      13 |       0 |   0.0
            +---------+---------+-------+---------+---------+-------
